 Dungeon Crawl Stone Soup version 0.30-b1-2-g02819fbbbe (webtiles) character file.

Game seed: 6328044001584814551

5492 Ashen the Ogre Mage (level 10, -6/104 HPs)
             Began as an Ogre Summoner on Sept 6, 2023.
             Was a Believer of Sif Muna.
             Hit by a large rock thrown by a cyclops (37 damage)
             ... on level 9 of the Dungeon.
             The game lasted 00:36:56 (12351 turns).

Ashen the Ogre Mage (Ogre Summoner)                Turns: 12351, Time: 00:36:56

Health: -6/104     AC:  4    Str: 14    XL:     10   Next: 69%
Magic:  11/23      EV: 16    Int: 26    God:    Sif Muna [**....]
Gold:   380        SH:  0    Dex:  9    Spells: 8/28 levels left

rFire   . . .        L - +2 dire flail
rCold   . . .        (shield currently unavailable)
rNeg    . . .        m - +1 robe {Will+}
rPois   .            (helmet restricted)
rElec   .            (no cloak)
rCorr   .            (gloves unavailable)
SInv    .            (boots unavailable)
Will    ++...        (no amulet)
Stlth   +            H - +5 ring of evasion
HPRegen 0.37/turn    w - +6 ring of intelligence
MPRegen 0.18/turn

%: no passive effects
@: no status effects
A: large, unfitting armour, tough skin 1
a: Renounce Religion, Channel Magic


You were on level 9 of the Dungeon.
You worshipped Sif Muna.
Sif Muna was pleased with you.
You visited 2 branches of the dungeon, and saw 10 of its levels.
You also visited: Ossuary.

You collected 380 gold pieces.

Inventory:

Hand Weapons
 x - a +0 giant spiked club
 B - the +7 dagger of Disharmony {heavy, rF+ Will++ Int-5 SInv}
   (You took it off an orc on level 5 of the Dungeon)

   Int:       It affects your intelligence (-5).
   rF:        It protects you from fire.
   SInv:      It lets you see invisible.
   Will:      It greatly increases your willpower.
 L - a +2 dire flail (weapon)
Missiles
 E - a throwing net
Armour
 a - a +0 robe
 m - a +1 robe of willpower (worn)
Jewellery
 g - a ring of protection from fire
 i - a ring of flight
 s - a ring of positive energy
 w - a +6 ring of intelligence (right hand)
 D - a ring of poison resistance
 H - a +5 ring of evasion (left hand)
 I - a +6 ring of strength
Wands
 K - a wand of digging (5)
Scrolls
 c - 4 scrolls of teleportation {unknown}
 d - 2 scrolls of brand weapon {unknown}
 e - 8 scrolls of identify {unknown}
 k - 2 scrolls of amnesia {unknown}
 r - 3 scrolls of poison {unknown}
 u - a scroll of vulnerability {unknown}
 y - 3 scrolls of blinking {unknown}
 z - 2 scrolls of magic mapping {unknown}
 C - 2 scrolls of fear {unknown}
 F - a scroll of noise {unknown}
 G - 2 scrolls of butterflies {unknown}
 J - a scroll of fog {unknown}
 M - a scroll of immolation {unknown}
Potions
 b - a potion of magic
 f - 3 potions of lignification {unknown}
 h - 2 potions of haste
 j - 7 potions of curing
 l - 2 potions of degeneration {unknown}
 n - a potion of cancellation {unknown}
 o - 2 potions of flight {unknown}
 p - a potion of invisibility {unknown}
 q - 3 potions of mutation {unknown}
 t - 2 potions of resistance {unknown}
 v - 3 potions of attraction {unknown}
 A - 2 potions of heal wounds {unknown}
 N - a potion of brilliance {unknown}


   Skills:
 + Level 7.6 Fighting
 + Level 5.2 Maces & Flails
 + Level 5.6 Dodging
 - Level 1.4 Stealth
 * Level 9.5 Spellcasting
 * Level 8.6 Summonings


You had 8 spell levels left.
You knew the following spells:

 Your Spells              Type           Power      Damage    Failure   Level
a - Summon Small Mammal   Summ           100%       N/A       1%          1
b - Call Imp              Summ           100%       N/A       1%          2
c - Call Canine Familiar  Summ           54%        N/A       1%          3
d - Summon Guardian Gole  Hex/Summ       34%        N/A       2%          3
e - Summon Lightning Spi  Summ/Air       34%        N/A       9%          4
f - Summon Hydra          Summ           27%        N/A       77%         7

Your spell library contained the following spells:

 Spells                   Type           Power      Damage    Failure   Level
 Apportation              Tloc           24%        N/A       4%          1
 Kiss of Death            Conj/Necr      48%        2d9       4%          1
 Lesser Beckoning         Tloc           24%        N/A       8%          2
 Sublimation of Blood     Necr           12%        N/A       8%          2
 Wereblood                Tmut           12%        N/A       8%          2
 Animate Armour           Summ/Erth      68%        N/A       9%          4
 Confusing Touch          Hex            12%        N/A       14%         3
 Dazzling Flash           Conj/Hex       24%        N/A       14%         3
 Gell's Gravitas          Tloc           12%        N/A       14%         3
 Ozocubu's Armour         Ice            12%        N/A       14%         3
 Portal Projectile        Hex/Tloc       24%        N/A       14%         3
 Stone Arrow              Conj/Erth      24%        3d8       14%         3
 Teleport Other           Tloc           12%        N/A       14%         3
 Dispel Undead            Necr           12%        3d9       43%         4
 Leda's Liquefaction      Hex/Erth       6%         N/A       43%         4
 Agony                    Necr           12%        N/A       80%         5
 Alistair's Intoxication  Tmut/Pois      8%         N/A       80%         5
 Metabolic Englaciation   Hex/Ice        6%         N/A       80%         5
 Silence                  Hex/Air        6%         N/A       80%         5
 Dispersal                Tloc           6%         N/A       100%        6
 Simulacrum               Ice/Necr       6%         N/A       100%        6
 Lehudib's Crystal Spear  Conj/Erth      6%         10d3      100%        8


Dungeon Overview and Level Annotations

Branches:
Dungeon (9/15)             Temple (1/1) D:5         Ossuary (visited)
   Lair: D:8-11         Orc: D:9-12

Altars:
Ashenzari
Cheibriados
Dithmenos
Elyvilon
Fedhas
Gozag
Hepliaklqana
Kikubaaqudgha
Makhleb
Nemelex Xobeh
Okawaru
Qazlal
Ru
Sif Muna
Trog
Uskayaw
Vehumet
Wu Jian
Xom
Yredelemnul
Zin
The Shining One

Shops:
D:5 (   D:6 (

Annotations:
D:8 3 runed translucent doors, coenern's ghost, novice GnWn


Innate Abilities, Weirdness & Mutations

You are too large for most types of armour.
You have tough skin. (AC +1)


Message History

The yak is almost dead.
The yak gores you. x2
You barely miss the yak.
The yak is almost dead.
The yak misses you. The yak gores you but does no damage.
You barely miss the yak.
The yak is almost dead.
The yak gores you. The yak gores you!
You hit the yak.
You kill the yak!
Sif Muna accepts your kill. The yak gores you.
The yak attacks as you move away! The yak gores you!
* * * LOW HITPOINT WARNING * * *
The yak completely misses you.
The yak barely misses your guardian golem.
The yak gores your guardian golem. The yak gores your guardian golem.
You see here a yak corpse.
The yak gores your guardian golem!
Your guardian golem overheats!
The yak gores your guardian golem! Flame seeps out of your guardian golem.
Your guardian golem is engulfed in blazing flames.
Flame seeps out of your guardian golem.
The yak gores your guardian golem but does no damage.
Your guardian golem is engulfed in blazing flames.
Your guardian golem disappears in a puff of smoke!
Your guardian golem explodes!
Sif Muna accepts your kill.
You feel a bit more experienced.
A cyclops comes into view.
The cyclops throws a large rock.
The large rock misses you.
Found an escape hatch in the ceiling.
Casting: Summon Guardian Golem (mildly dangerous; 2% risk of failure)
Confirm with . or Enter, or press ? or * to list all spells.
A guardian golem appears, shielding your allies.
Casting: Summon Guardian Golem (mildly dangerous; 2% risk of failure)
Confirm with . or Enter, or press ? or * to list all spells.
The cyclops throws a large rock.
The large rock hits you!!!
You die...

......#..§§§..#
#
......#.......#
#
Y.....##..†...#
#
..Y....#.....##
#
..Y....#.....#
.......#.....#
.......#.....#
.......C...h9#
.......##.@..#
....... #....#
....... #...##
...#### #...# #
#' ....# # .
.....# # .....#
# <.....# # #


You could see a cyclops (ally target), a friendly guardian golem (summoned) and
a friendly warg (summoned).

Vanquished Creatures
  A shadow (D:9)
  Eustachio (D:5)
  2 yaks (D:9)
  2 steam dragons (D:7)
  A centaur (D:7)
  A phantom (D:4)
  2 nameless horrors
  2 bullfrogs
  A gnoll sergeant (D:8)
  A jelly (D:6)
  2 howler monkeys (D:9)
  A hound (D:7)
  An iguana (D:6)
  An orc wizard (D:8)
  A mummy (Ossuary)
  2 adders
  2 gnolls (D:3)
  2 white imps
  An ufetubus (D:7)
  2 worms
  3 dart slugs (D:1)
  5 orcs
  4 endoplasms
  2 giant cockroaches (D:4)
  4 goblins
  3 hobgoblins
  2 quokkas (D:3)
  4 ball pythons
  5 bats
  5 hobgoblin zombies (Ossuary)
  A jackal zombie (Ossuary)
  6 kobolds
  5 kobold zombies (Ossuary)
  3 orc zombies (Ossuary)
  7 rats
88 creatures vanquished.

Vanquished Creatures (collateral kills)
  A yak (D:9)
  Edmund (D:6)
  A water moccasin (D:9)
  2 orc warriors
  2 sky beasts
  3 black bears
  An ice beast (D:8)
  An ogre (D:4)
  3 kobold brigands (D:9)
  2 phantoms (D:5)
  3 elf zombies (Ossuary)
  2 scorpions
  5 wights (D:8)
  2 howler monkeys
  2 orc priests
  A human zombie (Ossuary)
  A hound (D:6)
  3 jellies
  A sleepcap (D:4)
  3 iguanas
  3 orc wizards
  A mummy (Ossuary)
  5 gnolls
  3 adders
  A white imp (D:5)
  3 nameless horrors (D:7)
  3 worms
  A dart slug (D:1)
  16 orcs
  3 ball pythons
  2 endoplasms
  3 giant cockroaches
  3 goblins
  2 hobgoblins
  2 quokkas
  A bat (D:3)
  A frilled lizard (D:1)
  2 goblin zombies (Ossuary)
  5 hobgoblin zombies (Ossuary)
  A jackal zombie (Ossuary)
  20 kobolds
  4 kobold zombies (Ossuary)
  6 orc zombies (Ossuary)
  2 rats
  A rat zombie (Ossuary)
134 creatures vanquished.

Vanquished Creatures (others)
  Pikel (D:4)
  A hornet (D:8)
  3 yaks (D:9)
  A centaur (D:8)
  A scorpion (D:6)
  An iguana (D:5)
  An orc (D:6)
9 creatures vanquished.

Grand Total: 231 creatures vanquished

Notes
Turn   | Place    | Note
-------+----------+-------------------------------------------
     0 | D:1      | Ashen the Ogre Summoner began the quest for the Orb.
     0 | D:1      | Reached XP level 1. HP: 16/16 MP: 3/3
   110 | D:1      | Reached XP level 2. HP: 23/26 MP: 5/5
   606 | D:1      | Reached skill level 1 in Fighting
   714 | D:1      | Reached XP level 3. HP: 11/33 MP: 2/7
   753 | D:1      | Learned a level 2 spell: Call Imp
   759 | D:1      | Reached skill level 3 in Spellcasting
  1415 | D:1      | Learned a level 3 spell: Call Canine Familiar
  2190 | D:2      | Reached XP level 4. HP: 20/41 MP: 5/8
  2443 | D:2      | Reached skill level 1 in Maces & Flails
  2840 | D:3      | HP: 1/42 [gnoll/+0 spear (5)]
  3005 | D:3      | Found a burning altar of Makhleb.
  3145 | D:3      | Reached XP level 5. HP: 11/49 MP: 6/10
  3896 | D:3      | Found an opulent altar of Gozag.
  4171 | D:4      | Found a sand-covered staircase.
  4237 | Ossuary  | Entered an ossuary
  4247 | Ossuary  | Learned a level 3 spell: Summon Guardian Golem
  4477 | Ossuary  | Reached skill level 4 in Spellcasting
  4477 | Ossuary  | Reached XP level 6. HP: 11/59 MP: 10/12
  4831 | D:4      | Reached skill level 5 in Summonings
  4831 | D:4      | Reached XP level 7. HP: 67/67 MP: 8/14
  4936 | D:4      | Noticed Pikel
  4969 | D:4      | Killed Pikel
  4970 | D:4      | Reached skill level 5 in Spellcasting
  4970 | D:4      | Reached XP level 8. HP: 78/78 MP: 6/16
  5345 | D:4      | Learned a level 4 spell: Summon Lightning Spire
  5981 | D:5      | Entered Level 5 of the Dungeon
  5987 | D:5      | Reached skill level 6 in Spellcasting
  6004 | D:5      | Noticed Eustachio
  6095 | D:5      | Found Gyma's Weapon Shoppe.
  6149 | D:5      | Killed Eustachio
  6364 | D:5      | Reached skill level 5 in Fighting
  6596 | D:5      | Identified the +7 dagger of Disharmony {heavy, rF+ Will++
                  | Int-5 SInv}
  6614 | D:5      | Found a staircase to the Ecumenical Temple.
  6661 | Temple   | Entered the Ecumenical Temple
  6832 | Temple   | Became a worshipper of Sif Muna the Loreminder
  7164 | D:6      | Reached XP level 9. HP: 79/88 MP: 11/19
  7222 | D:6      | Reached skill level 7 in Spellcasting
  7518 | D:6      | Reached * piety under Sif Muna
  7545 | D:6      | Found a transporter.
  7560 | D:6      | Found Oriom's Antique Weapon Emporium.
  7608 | D:6      | Found a transporter.
  7636 | D:6      | HP: 2/89 [nameless horror[miscasting Summon Lightning
                  | Spire] (6)]
  8306 | D:6      | Noticed Edmund
  8321 | D:6      | Killed Edmund
  9080 | D:7      | Noticed a nameless horror
  9190 | D:6      | Learned a level 7 spell: Summon Hydra
  9413 | D:7      | Reached skill level 8 in Spellcasting
  9861 | D:7      | Found an ancient bone altar of Kikubaaqudgha.
  9861 | D:7      | Found a faded altar of an unknown god.
  9867 | D:7      | Found a white marble altar of Elyvilon.
  9869 | D:7      | Found a faded altar of an unknown god.
  9888 | D:7      | Found a bloodstained altar of Trog.
  9920 | D:7      | Noticed a nameless horror
  9951 | D:7      | Killed a nameless horror
  9953 | D:7      | Killed a nameless horror
 10308 | D:8      | Found a runed translucent gate.
 10308 | D:8      | Found a runed translucent gate.
 10310 | D:8      | Found an opulent altar of Gozag.
 10313 | D:8      | Found a runed translucent gate.
 10317 | D:8      | Noticed a tengu warrior
 10317 | D:8      | Noticed coenern's ghost (novice GnWn)
 10438 | D:8      | Reached XP level 10. HP: 100/100 MP: 17/22
 10442 | D:8      | Reached skill level 5 in Dodging
 10480 | D:7      | HP: 5/100 [gnoll/+2 flail of protection[a gnoll sergeant]
                  | (11)]
 11484 | D:8      | Found a glowing silver altar of Zin.
 11493 | D:8      | Identified the +1 chain mail of Tender Moments {rPois Str+3
                  | Dex-4}
 11932 | D:9      | Reached ** piety under Sif Muna
 12017 | D:9      | Reached skill level 9 in Spellcasting
 12182 | D:9      | Reached skill level 5 in Maces & Flails
 12348 | D:9      | Noticed a cyclops
 12351 | D:9      | Hit by a large rock thrown by a cyclops

Illustrated notes

Levels and vault maps discovered:
D:1:      dpeg_arrival_renting, layout_loops_corners, minmay_statues_item
D:2:      layout_loops_corners
D:3:      kb_forest_paths, layout_basic, nicolae_overflow_crystal_walls,
          grunt_gozag_breadcrumbs, serial_glass, glass_columns_b,
          glass_columns_c
D:4:      layout_loops_corners, nicolae_ossuary_entry_false_entrances,
          grunt_decor_arrowhead, chequers_serial_rivers_micro_b, uniq_pikel
D:5:      layout_basic, minmay_temple_entry_mist, serial_shops,
          nicolae_shop_tiny_real_fake_doors, uniq_eustachio
D:6:      layout_basic, serial_shops, nicolae_shop_drivethru, uniq_edmund
D:7:      layout_basic, chequers_temple_overflow_minitemple
D:8:      layout_loops_corners, zin_statuary, ebering_ghost_gozag
D:9:      layout_irregular_city
Temple:   regret_index_temple_sphere_string

Skill      XL: |  1  2  3  4  5  6  7  8  9 10 |
---------------+-------------------------------+-----
Fighting       | 1 2 3 4 5 6 7 |  7.6
Dodging        | 2 3 4 5 |  5.6
Spellcasting   | 3 4 5 6 8 9 |  9.5
Summonings     | 4 5 6 7 8 |  8.6
Maces & Flails | 1 2 3 4 5 |  5.2
Stealth        | |  1.4

Action                     |  1- 3 |  4- 6 |  7- 9 | 10-12 || total
---------------------------+-------+-------+-------+-------++-------
  Melee: Unarmed           |   257 |    28 |       |       ||   285
         Punch             |     3 |     1 |     2 |       ||     6
         Mace              |       |   138 |   189 |       ||   327
         Whip              |       |       |    12 |       ||    12
         Dire flail        |       |       |       |    43 ||    43
   Cast: Summon Small Mamm |     9 |       |     2 |       ||    11
         Call Imp          |     9 |     9 |     4 |     1 ||    23
         Call Canine Famil |     1 |    12 |    24 |     6 ||    43
         Summon Guardian G |       |     1 |    18 |    13 ||    32
         Summon Lightning  |       |       |    21 |     5 ||    26
    Use: Potion            |       |       |     3 |       ||     3
   Stab: Distracted        |     1 |       |     3 |       ||     4
         Sleeping          |     6 |     7 |       |     1 ||    14
 Armour: Robe              |    84 |    47 |    54 |     6 ||   191
  Dodge: Dodged            |   153 |   100 |   148 |    64 ||   465
